AoeStats
← tore.perezm

Lombardia

508311971Analyzed
4v4 RM · 11d ago on Sep 21, 2026· 57m 50s· 8 players
Game mode
Random Map
Map size
Large (8 player)
Population
200
Speed
Normal
Resources
Standard
Victory
Conquest
Starting age
Dark Age
Ending age
Imperial Age
RankedLock teamsTeams togetherTeam positionsShared explorationLock speedFull tech treeHidden civsTurbo modeCheats
Victory
Defeat
🇬🇷 Spanish · Greece
974
+15
🇬🇷 Khmer · Greece
945
+16
🇬🇷 Teutons · Greece
941
+16
🇦🇷 Magyars · Argentina
925
+17
🇷🇺 Mongols · Russia
965
-16
🇩🇪 Maya · Germany
945
-16
🇦🇷 Maya · Argentina
944
-16
🇹🇷 Italians · Türkiye
943
-16
MehmetTs61
13:11 Feudal Age
14:40 Horse Collar
18:43 Double-Bit Axe
21:40 Castle Age
23:08 Bow Saw
27:46 Stone Mining
30:09 Stone Shaft Mining
30:01 Heavy Plow
34:42 Gold Mining
48:39 Imperial Age
50:49 Imperial Age
sehremini
0:50 Loom
14:39 Feudal Age
16:29 Wheelbarrow
18:59 Castle Age
17:10 Stone Mining
17:29 Double-Bit Axe
17:36 Horse Collar
19:48 Fletching
20:00 Padded Archer Armor
19:58 Town Watch
20:36 Bow Saw
22:16 Hand Cart
26:01 Elite Skirmisher
26:52 Bodkin Arrow
31:40 Leather Archer Armor
32:36 Ballistics
33:05 Gold Mining
36:26 Imperial Age
35:31 Forging
35:22 Scale Mail Armor
35:50 Arson
36:06 Squires
36:59 Heavy Plow
36:35 Crossbowman
37:20 Thumb Ring
37:39 Conscription
37:01 Elite Genoese Crossbowman
38:23 Ring Archer Armor
38:49 Bracer
40:50 Chemistry
40:38 Iron Casting
40:18 Chain Mail Armor
44:11 Blast Furnace
43:41 Plate Mail Armor
49:42 Scale Barding Armor
tore.perezm
0:34 Loom
10:06 Feudal Age
12:41 Double-Bit Axe
22:06 Castle Age
21:03 Gold Mining
21:44 Fletching
22:45 Crossbowman
23:26 Bodkin Arrow
Shaci
1:32 Loom
10:25 Feudal Age
11:08 Double-Bit Axe
15:30 Wheelbarrow
17:29 Castle Age
15:29 Horse Collar
19:02 Bow Saw
19:05 Bloodlines
21:04 Heavy Plow
24:53 Hand Cart
28:15 Husbandry
28:29 Forging
28:24 Scale Barding Armor
29:06 Gold Mining
31:57 Chain Barding Armor
36:13 Gold Shaft Mining
40:32 Imperial Age
41:19 Heavy Camel Rider
55:19 Iron Casting
Tsimentopoulos
11:59 Feudal Age
13:09 Double-Bit Axe
15:30 Castle Age
15:26 Loom
19:31 Horse Collar
25:53 Bow Saw
25:55 Heavy Plow
27:43 Wheelbarrow
27:58 Bloodlines
27:48 Husbandry
32:36 Imperial Age
31:01 Husbandry
32:10 Hand Cart
32:40 Cavalier
33:33 Scale Barding Armor
33:38 Forging
34:45 Stone Mining
34:47 Gold Mining
34:43 Paladin
36:10 Iron Casting
36:05 Chain Barding Armor
38:11 Blast Furnace
38:28 Plate Barding Armor
39:42 Light Cavalry
40:52 Hussar
51:01 Guilds
50:54 Caravan
BatManZurdo
13:00 Feudal Age
11:15 Loom
17:14 Castle Age
15:49 Double-Bit Axe
16:52 Fletching
18:15 Horse Collar
19:43 Gold Mining
21:39 Bloodlines
22:09 Scale Barding Armor
22:46 Padded Archer Armor
23:55 Bodkin Arrow
25:21 Light Cavalry
26:57 Chain Barding Armor
26:52 Leather Archer Armor
30:05 Bow Saw
33:43 Gold Shaft Mining
36:07 Wheelbarrow
36:14 Heavy Plow
40:24 Stone Mining
44:29 Hand Cart
48:25 Imperial Age
46:41 Town Watch
47:42 Ballistics
47:18 Murder Holes
49:53 Conscription
48:54 Elite Magyar Huszar
49:37 Recurve Bow
50:27 Plate Barding Armor
49:53 Bracer
50:00 Husbandry
50:26 Town Patrol
53:31 Siege Engineers
53:37 Masonry
54:56 Hoardings
54:23 Corvinian Army
55:17 Ring Archer Armor
56:10 Parthian Tactics
55:51 Thumb Ring
56:12 Heavy Cavalry Archer
56:15 Hussar
58:35 Crop Rotation
dripped fly lo
13:48 Feudal Age
18:23 Castle Age
16:31 Double-Bit Axe
16:41 Horse Collar
21:34 Heavy Plow
21:49 Bow Saw
33:49 Gold Mining
33:54 Stone Mining
36:24 Stone Shaft Mining
36:25 Gold Shaft Mining
36:47 Scale Barding Armor
36:54 Forging
38:57 Chain Barding Armor
39:13 Iron Casting
42:41 Imperial Age
41:10 Wheelbarrow
42:48 Husbandry
43:01 Bloodlines
43:22 Elite Battle Elephant
44:31 Husbandry
44:42 Bloodlines
45:02 Hand Cart
50:17 Plate Barding Armor
50:44 Blast Furnace
PANEZ
11:30 Feudal Age
14:21 Loom
16:50 Castle Age
15:39 Forging
15:35 Scale Barding Armor
18:04 Double-Bit Axe
22:08 Fletching
22:18 Padded Archer Armor
24:14 Horse Collar
24:31 Elite Skirmisher
25:59 Bloodlines
30:57 Heavy Plow
33:59 Iron Casting
33:45 Chain Barding Armor
33:25 Stone Mining
37:29 Bow Saw
38:30 Stone Shaft Mining
39:08 Scale Mail Armor
41:31 Wheelbarrow
40:45 Town Watch
44:09 Imperial Age
46:42 Gold Mining
47:45 Cavalier
49:29 Blast Furnace
49:40 Hand Cart
49:44 Paladin
52:06 Plate Barding Armor
57:41 Two-Man Saw
57:18 Crop Rotation
57:10 Chain Mail Armor
56:52 Pikeman
57:17 Gambesons
57:32 Squires
57:18 Arson
Connection lost

Rejoining the realm…

Still unreachable

The connection could not be restored.

Session expired

The server has moved on; the page needs a fresh start.